 Dungeon Crawl Stone Soup version 0.24-a0-176-gc3651c4 (webtiles) character file.

Game seed: 4185635029804878093

57 Dfrag the Firebug (level 3, 0/24 HPs)
             Began as a Demonspawn Fire Elementalist on Mar 13, 2019.
             Slain by an orc wizard
             ... wielding a +0 dagger
              (2 damage)
             ... on level 2 of the Dungeon.
             The game lasted 00:02:23 (979 turns).

Dfrag the Firebug (Demonspawn Fire Elementalist)     Turns: 979, Time: 00:02:24

Health: 0/24       AC:  2    Str:  6 (8)  XL:     3   Next: 73%
Magic:  2/7        EV: 12    Int: 14 (17) God:
Gold:   29         SH:  0    Dex: 11 (13) Spells: 6/7 levels left

rFire    + . .     SeeInvis .   (no weapon)
rCold    . . .     Gourm    .   (no shield)
rNeg     . . .     Faith    .   a - +0 robe
rPois    .         Spirit   .   (no helmet)
rElec    .         Reflect  .   (no cloak)
rCorr    .         Harm     .   (no gloves)
MR       .....                  (no boots)
Stlth    +.........             (no amulet)
HPRegen  0.08/turn              (no ring)
MPRegen  0.10/turn              (no ring)

@: lethally poisoned (0 -> -5), very slow
A: fire resistance 1
a: no special abilities


You were on level 2 of the Dungeon.
You were not hungry.

You visited 1 branch of the dungeon, and saw 2 of its levels.

You collected 29 gold pieces.

Inventory:

Armour
 a - a +0 robe (worn)
Jewellery
 e - an uncursed ring of resist corrosion {unknown}
Scrolls
 b - 2 scrolls of remove curse {unknown}
 d - a scroll of teleportation {unknown}
 g - a scroll of random uselessness {unknown}
 h - a scroll of identify {unknown}
Comestibles
 c - 5 rations
 i - a chunk of flesh


   Skills:
 - Level 1.7 Dodging
 - Level 1.7 Stealth
 + Level 2.7 Spellcasting
 + Level 2.2 Conjurations
 + Level 3.3 Fire Magic


You had 6 spell levels left.
You knew the following spells:

 Your Spells              Type           Power        Failure   Level  Hunger
a - Flame Tongue          Conj/Fire      #....        7%          1    #......

Your spell library contained the following spells:

 Spells                   Type           Power        Failure   Level  Hunger
 Throw Flame              Conj/Fire      #.....       11%         2    ###....
 Conjure Flame            Conj/Fire      #.......     22%         3    ###....
 Inner Flame              Hex/Fire       #.......     32%         3    ###....
 Sticky Flame             Conj/Fire      #.......     56%         4    #####..
 Fireball                 Conj/Fire      #.........   89%         5    ######.


Dungeon Overview and Level Annotations

Branches:
Dungeon (2/15)

Altars:


Innate Abilities, Weirdness & Mutations

Your flesh is heat resistant. (rF+)


Message History

Confirm with . or Enter, or press ? or * to list all spells.
Aiming: Flame Tongue (safe; 7% risk of failure)
Press: ? - help, Shift-Dir - straight line, f - worm
Aim: a worm (steam)
The flame tongue hits the worm!
The worm is heavily wounded.
* * * LOW HITPOINT WARNING * * *
You feel sick.
Unknown command.
Casting: Flame Tongue (safe; 7% risk of failure)
Confirm with . or Enter, or press ? or * to list all spells.
Aiming: Flame Tongue (safe; 7% risk of failure)
Press: ? - help, Shift-Dir - straight line, f/p - worm
Aim: a worm (steam, heavily wounded)
The flame tongue hits the worm.
The worm is heavily wounded.
* * * LOW HITPOINT WARNING * * *
You feel sick.
The orc wizard hits you with a +0 dagger.
You die...

#....# #....# #....♣♣
##.....♣♣ .
##.......♣♣ ... #####
#...≈≈≈...♣...≈ ....#
##..≈≈≈≈≈.....≈≈
###.##
#...≈≈♣w@o..g.≈≈ #
#..# #...≈≈≈≈≈o....≈≈
#
##.####....≈≈≈.o.♣...≈
####......#.......♣♣
...
##........##.....♣♣ .
##........###...♣♣
##........# #...#
##........# #...#
#...............#


You could see a worm, an orc wizard, 2 orcs and a goblin.

Vanquished Creatures
  2 adders (D:2)
  A dart slug (D:1)
  2 leopard geckos
  An orc (D:2)
  A ball python (D:1)
  A giant cockroach (D:2)
  4 hobgoblins
  8 kobolds
  5 bats (D:1)
  A frilled lizard (D:1)
  5 goblins
  3 rats
34 creatures vanquished.

Notes
Turn   | Place    | Note
-------+----------+-------------------------------------------
     0 | D:1      | Dfrag the Demonspawn Fire Elementalist began the quest for
                  | the Orb.
     0 | D:1      | Reached XP level 1. HP: 13/13 MP: 3/3
   106 | D:1      | Gained mutation: Your flesh is heat resistant. (rF+)
                  | [demonic ancestry]
   106 | D:1      | Reached XP level 2. HP: 9/19 MP: 0/5
   299 | D:1      | Reached skill level 3 in Fire Magic
   679 | D:2      | Reached XP level 3. HP: 24/24 MP: 1/6
   979 | D:2      | Slain by an orc wizard

Levels and vault maps discovered:
D:1:      dpeg_arrival_round_c, layout_basic, serial_glass, glass_columns_a,
          glass_columns_a, glass_columns_b, glass_columns_b, glass_columns_b,
          glass_columns_b
D:2:      layout_basic, elyvilon_altar_3, gammafunk_temple_overflow_statue,
          first_ration

Skill      XL: |  1  2  3 |
---------------+----------+-----
Fire Magic     | 3 |  3.3
Conjurations   | 2 |  2.2
Dodging        | |  1.7
Stealth        | |  1.7
Spellcasting   | |  2.7

Action                   || total
-------------------------++-------
Melee: Unarmed           ||    29
 Cast: Flame Tongue      ||    53
  Use: Potion            ||     1
  Eat: Chunk             ||     1
Armor: Robe              ||    17
Dodge: Dodged            ||    50

Table legend:
 A = Non-vault XP
 B = Vault XP
 C = Vault XP percentage of total XP
 D = Non-vault monster count
 E = Vault monster count
 F = Vault count percentage of total count
                 A         B        C        D         E       F
            +---------+---------+-------+---------+---------+-------
      Total |      82 |       0 |   0.0 |      34 |       0 |   0.0
            +---------+---------+-------+---------+---------+-------
        D:1 |      33 |       0 |   0.0 |      19 |       0 |   0.0
        D:2 |      49 |       0 |   0.0 |      15 |       0 |   0.0
            +---------+---------+-------+---------+---------+-------
